[Event "Titled Tuesday Blitz July 11 Late 2023"]
[White "Ncatt"]
[Black "KSho99"]
[WhiteElo "2402"]
[BlackElo "2212"]
[Result "1-0"]
[Round "6"]
[TimeControl "180+2"]
[Date "2023.07.11"]
[WhiteClock "0:01:57"]
[BlackClock "0:00:01"]
[Board "141"]

1. e4 e6 2. d4 d5 3. exd5 exd5 4. Nf3 Bd6 5. Bd3 Ne7 6. O-O O-O 7. Bg5 f6 8. Bh4 Nf5 9. Bg3 Nxg3 10. hxg3 Be6 11. Nbd2 Nc6 12. c3 Qd7 13. Qc2 g6 14. Rfe1 Rae8 15. Re2 Bf7 16. Rae1 Rxe2 17. Rxe2 Re8 18. Nb3 Rxe2 19. Qxe2 Qe7 20. Qxe7 Bxe7 21. Nc5 b6 22. Nb3 a5 23. a4 Bd6 24. Kf1 Ne7 25. Nbd2 Be6 26. Ke2 Kf7 27. Nf1 Nf5 28. N3d2 Bd7 29. b3 Ba3 30. g4 Ne7 31. Ne3 c6 32. f3 Bd6 33. Ndf1 Ke6 34. g3 Kf7 35. f4 Kg7 36. Kf3 Be6 37. Ba6 Bd7 38. Nd2 Kf7 39. Bb7 Ng8 40. c4 dxc4 41. Ndxc4 Bc7 42. d5 cxd5 43. Nxd5 Bd8 44. Ndxb6 Be6 45. Bd5 Ne7 46. Bxe6+ Kxe6 47. Ke4 Nc6 48. f5+ gxf5+ 49. gxf5+ Ke7 50. Nd5+ Kf7 51. Nf4 Bc7 52. g4 Nb4 53. Ne6 Bd8 54. Nxd8+ 1-0


[Site "https://www.chess.com"]

[Event "Titled Tuesday Blitz July 11 Late 2023"]
[White "Osmonbekov, Talaibek"]
[Black "Haitin, Ilja"]
[WhiteFideId "2017253"]
[BlackFideId "4501764"]
[WhiteElo "2204"]
[BlackElo "2399"]
[Result "0-1"]
[Round "6"]
[TimeControl "180+2"]
[Date "2023.07.11"]
[WhiteClock "0:00:00"]
[BlackClock "0:00:44"]
[Board "142"]

1. d4 e6 2. e4 d5 3. e5 c5 4. c3 Qb6 5. Nf3 Bd7 6. Bd3 Bb5 7. O-O Bxd3 8. Qxd3 Nc6 9. a3 cxd4 10. cxd4 Nge7 11. b4 Nf5 12. Bb2 Be7 13. Nbd2 O-O 14. Rac1 Rac8 15. Nb3 a6 16. Nc5 Bxc5 17. dxc5 Qb5 18. Qxb5 axb5 19. g4 Nfe7 20. Rfe1 Ng6 21. h4 Nf4 22. Re3 h5 23. g5 Ng6 24. Kh2 Rfd8 25. Rd1 Nge7 26. Nd4 Nxd4 27. Bxd4 Nf5 28. Rh3 g6 29. f4 Ra8 30. Bf2 Ra6 31. Rdd3 Rda8 32. Kg2 Kf8 33. Kf1 Ke8 34. Ke2 Kd7 35. Kd1 Kc6 36. Kc1 Rd8 37. Kb2 Raa8 38. Rh1 Rd7 39. Rhd1 Rad8 40. R1d2 d4 41. Kb3 Kd5 42. a4 bxa4+ 43. Kxa4 Kc4 0-1


[Site "https://www.chess.com"]

[Event "Titled Tuesday Blitz July 11 Late 2023"]
[White "Lalanne, Pablo"]
[Black "Cardenas Carbajal, Nilson"]
[WhiteFideId "112151"]
[BlackFideId "8401128"]
[WhiteElo "2398"]
[BlackElo "2161"]
[Result "0-1"]
[Round "6"]
[TimeControl "180+2"]
[Date "2023.07.11"]
[WhiteClock "0:01:20"]
[BlackClock "0:01:26"]
[Board "143"]

1. d4 Nf6 2. c4 g6 3. Nc3 d5 4. cxd5 Nxd5 5. e4 Nxc3 6. bxc3 Bg7 7. Bc4 c5 8. Be3 Nc6 9. Ne2 O-O 10. O-O Bg4 11. f3 Na5 12. Bd3 cxd4 13. cxd4 Be6 14. d5 Bxa1 15. Qxa1 f6 16. Bh6 Re8 17. Nf4 Bf7 18. e5 Bxd5 19. exf6 exf6 20. Nxd5 Qxd5 21. Qxf6 Qf7 22. Qg5 Rad8 23. Be4 Nc6 24. h4 Nd4 25. h5 Rd6 26. hxg6 hxg6 27. Rd1 Rxe4 28. fxe4 Ne2+ 29. Kh2 Rxd1 0-1


[Site "https://www.chess.com"]

[Event "Titled Tuesday Blitz July 11 Late 2023"]
[White "Mikhalsky, Vladimir"]
[Black "Oliveira, Tiago Batista"]
[WhiteFideId "14144352"]
[BlackFideId "2108291"]
[WhiteElo "2396"]
[BlackElo "2161"]
[Result "1-0"]
[Round "6"]
[TimeControl "180+2"]
[Date "2023.07.11"]
[WhiteClock "0:00:06"]
[BlackClock "0:00:00"]
[Board "144"]

1. c4 Nf6 2. Nc3 c5 3. g3 g6 4. Bg2 Bg7 5. Nf3 O-O 6. O-O Nc6 7. d4 cxd4 8. Nxd4 Nxd4 9. Qxd4 d6 10. Rd1 Be6 11. Bxb7 Rb8 12. Bg2 Nd5 13. Qxa7 Nxc3 14. bxc3 Bxc4 15. Be3 Bxe2 16. Rd4 Bxd4 17. Qxd4 e5 18. Qa7 Bc4 19. a4 f6 20. Bf1 Bxf1 21. Rxf1 Rf7 22. Qa6 Ra8 23. Qc4 d5 24. Qb3 Rb8 25. Qa2 Rd7 26. Rd1 Kg7 27. a5 Ra8 28. Ra1 Rd6 29. Bc5 Rc6 30. Bb4 d4 31. Qa4 Rc7 32. Rd1 d3 33. Qb5 e4 34. f3 f5 35. fxe4 fxe4 36. Qe5+ Kg8 37. Qxe4 Rac8 38. Rxd3 Qe8 39. Qd5+ Qf7 40. Qxf7+ Rxf7 41. a6 1-0


[Site "https://www.chess.com"]

[Event "Titled Tuesday Blitz July 11 Late 2023"]
[White "Vila Dupla, Aurelio"]
[Black "Nikologorsky, Matfei"]
[WhiteFideId "2203383"]
[BlackFideId "24102474"]
[WhiteElo "2159"]
[BlackElo "2395"]
[Result "1-0"]
[Round "6"]
[TimeControl "180+2"]
[Date "2023.07.11"]
[WhiteClock "0:00:28"]
[BlackClock "0:00:15"]
[Board "145"]

1. Nf3 Nf6 2. d4 e6 3. g3 b6 4. Bg2 Bb7 5. O-O Be7 6. c4 O-O 7. Nc3 d5 8. cxd5 Nxd5 9. Nxd5 Bxd5 10. Be3 Nd7 11. Nd2 Bxg2 12. Kxg2 Nf6 13. Nb3 Qd5+ 14. f3 Rfd8 15. Qc2 Rac8 16. Rfd1 c6 17. Bf2 Qh5 18. Rac1 Qg6 19. Qxg6 hxg6 20. e4 Kf8 21. Rd2 Rc7 22. Rdc2 Rdc8 23. g4 c5 24. dxc5 bxc5 25. Nxc5 Ke8 26. b4 Nd7 27. Rc3 Nxc5 28. bxc5 Rc6 29. Ra3 Bxc5 30. Rac3 Bxf2 31. Rxc6 Rxc6 32. Rxc6 Bb6 33. Rc8+ Kd7 34. Rg8 Bd4 35. Kf1 Ke7 36. Ke2 Kf6 37. Kd3 Bb6 38. f4 g5 39. e5+ Kg6 40. Ke4 gxf4 41. Kxf4 Ba5 42. Ra8 Bb6 43. h4 f6 44. h5+ Kh6 45. Rh8# 1-0


[Site "https://www.chess.com"]

[Event "Titled Tuesday Blitz July 11 Late 2023"]
[White "Omariev, Maksim"]
[Black "cycygogne"]
[WhiteFideId "4193423"]
[WhiteElo "2381"]
[BlackElo "2120"]
[Result "1/2-1/2"]
[Round "6"]
[TimeControl "180+2"]
[Date "2023.07.11"]
[WhiteClock "0:00:47"]
[BlackClock "0:01:16"]
[Board "146"]

1. g4 h5 2. g5 e5 3. d4 e4 4. c4 Bb4+ 5. Nc3 d5 6. Qb3 Bxc3+ 7. Qxc3 dxc4 8. Bg2 Nc6 9. Be3 Nge7 10. Bxe4 Bf5 11. Bg2 Nd5 12. Qxc4 Nxe3 13. Bxc6+ bxc6 14. Qxc6+ Qd7 15. Qxa8+ Ke7 16. Qxh8 Nc2+ 17. Kf1 Bh3+ 18. Nxh3 Qxh3+ 19. Kg1 Qg4+ 20. Kf1 Qh3+ 21. Kg1 Qg4+ 22. Kf1 Qh3+ 1/2-1/2


[Site "https://www.chess.com"]

[Event "Titled Tuesday Blitz July 11 Late 2023"]
[White "Tsukerman, Julia"]
[Black "Prieto Aranguren, Alain"]
[WhiteFideId "2621649"]
[BlackFideId "2268906"]
[WhiteElo "2087"]
[BlackElo "2380"]
[Result "0-1"]
[Round "6"]
[TimeControl "180+2"]
[Date "2023.07.11"]
[WhiteClock "0:00:11"]
[BlackClock "0:01:03"]
[Board "147"]

1. e4 c5 2. Nf3 d6 3. d4 cxd4 4. Nxd4 Nc6 5. Be3 Nf6 6. Nc3 Ng4 7. Bg5 h6 8. Bh4 g5 9. Bg3 Bg7 10. Nde2 Be6 11. h3 Nge5 12. b3 Qa5 13. Qd2 Nd7 14. Rd1 Rc8 15. Nd5 Qxa2 16. h4 Bxd5 17. exd5 Nce5 18. Nd4 Ng6 19. hxg5 hxg5 20. Rxh8+ Bxh8 21. Qxg5 Rxc2 22. Bb5 Bxd4 23. Rxd4 Qa5+ 24. Kd1 Rb2 25. Bxd7+ Kxd7 26. Qf5+ Kd8 27. Qxf7 Qa1# 0-1


[Site "https://www.chess.com"]

[Event "Titled Tuesday Blitz July 11 Late 2023"]
[White "EsmeraldasAnderson03"]
[Black "Semenova, Alina"]
[BlackFideId "24113875"]
[WhiteElo "2371"]
[BlackElo "2065"]
[Result "1-0"]
[Round "6"]
[TimeControl "180+2"]
[Date "2023.07.11"]
[WhiteClock "0:00:09"]
[BlackClock "0:00:00"]
[Board "148"]

1. d4 Nf6 2. Nf3 g6 3. Bf4 Bg7 4. h3 d6 5. e3 O-O 6. Bh2 c5 7. Be2 Nc6 8. O-O cxd4 9. exd4 a6 10. c3 b5 11. a3 Bb7 12. Re1 Qc7 13. Nbd2 e5 14. a4 bxa4 15. Nc4 Rfe8 16. Bf1 Nh5 17. Qxa4 f5 18. Qb3 Kh8 19. Nxd6 Qxd6 20. Qxb7 Reb8 21. Qf7 Rxb2 22. Nxe5 Rf8 23. Rxa6 Nxe5 24. dxe5 Qd2 25. Re2 Rxf7 26. Rxd2 Rxd2 27. g4 fxg4 28. hxg4 Rdxf2 29. Bg2 Nf4 30. Kxf2 Nxg2+ 31. Kxg2 Rf8 32. Ra5 Rc8 33. Ra3 Bf8 34. Rb3 Bc5 35. Kf3 Kg7 36. Ke4 h5 37. g5 Be7 38. Bf4 Kf7 39. Be3 Rc4+ 40. Bd4 Bxg5 41. Kd5 Be7 42. Kxc4 h4 43. Rb7 h3 44. Bc5 h2 45. Rxe7+ Kg8 46. Re8+ Kg7 47. Re7+ Kg8 48. e6 h1=Q 49. Bd4 Qf1+ 50. Kc5 Qa6 51. Rg7+ Kf8 52. e7+ Ke8 53. c4 Qa5+ 54. Kd6 Qa6+ 55. Kd5 Qa5+ 56. c5 Qa2+ 57. Kd6 Qh2+ 58. Kc6 Qg2+ 59. Kd6 Qg3+ 60. Be5 Qd3+ 61. Ke6 Qc4+ 62. Kf6 Qf1+ 63. Kxg6 Qg2+ 64. Kf6 Qf3+ 65. Kg6 Qc6+ 66. Kh7 Qh1+ 67. Kg8 Qd5+ 68. Kh7 Qh1+ 69. Kg6 Qe4+ 70. Kf6 Qc6+ 71. Kf5 Qf3+ 72. Ke6 Qc6+ 73. Kf5 Qf3+ 74. Kg6 Qg4+ 75. Kf6 Qh4+ 76. Ke6 Qc4+ 77. Kd6 Qa6+ 78. c6 Qd3+ 79. Kc7 Qb3 80. Bd6 Qa2 81. Kb7 Qb3+ 82. Kc8 Qa2 83. Rg6 Qa8+ 84. Bb8 Qa6+ 85. Kc7 Qa5+ 86. Kd6 Qf5 87. Rg8+ Kf7 88. Rf8+ 1-0


[Site "https://www.chess.com"]

[Event "Titled Tuesday Blitz July 11 Late 2023"]
[White "Blackwhite017"]
[Black "Dubreuil, Julien"]
[BlackFideId "621285"]
[WhiteElo "2016"]
[BlackElo "2353"]
[Result "0-1"]
[Round "6"]
[TimeControl "180+2"]
[Date "2023.07.11"]
[WhiteClock "0:00:00"]
[BlackClock "0:00:08"]
[Board "149"]

1. e4 e5 2. Nf3 Nc6 3. Bb5 Bc5 4. O-O Qf6 5. c3 Nge7 6. d3 h6 7. Nbd2 d6 8. h3 O-O 9. Re1 Ng6 10. Nf1 Nf4 11. Bxf4 Qxf4 12. Qd2 Qf6 13. Bxc6 bxc6 14. d4 Bb6 15. N1h2 exd4 16. cxd4 c5 17. e5 Qg6 18. a4 a5 19. Kh1 cxd4 20. Nxd4 dxe5 21. Rxe5 Qd6 22. Ndf3 Qf6 23. Rae1 Bb7 24. Ng4 Qg6 25. Nh4 Qd6 26. Qxd6 cxd6 27. Re7 Ba6 28. Nf5 Bc5 29. R1e4 h5 30. Nge3 g6 31. Ng3 f5 32. R4e6 Rf7 33. Rxg6+ Kf8 34. Rxf7+ Kxf7 35. Rg5 f4 36. Rf5+ Ke6 37. Rxf4 Rb8 38. Ne4 Ke5 39. Rh4 Bxe3 40. fxe3 Rxb2 41. Nc3 Bb7 42. Rxh5+ Kf6 43. e4 Rc2 44. Nd5+ Bxd5 45. Rxd5 Ke6 46. Rxa5 Rc4 47. g4 Rxe4 48. Kg2 d5 49. Kf3 Rb4 50. h4 Ke5 51. h5 Rb3+ 52. Ke2 Ke4 53. h6 Rb2+ 54. Kd1 Rh2 55. Ra6 d4 56. Kc1 Kd3 0-1


[Site "https://www.chess.com"]

[Event "Titled Tuesday Blitz July 11 Late 2023"]
[White "Funderburg, John T"]
[Black "Garmendiarov"]
[WhiteFideId "2004992"]
[WhiteElo "1993"]
[BlackElo "2340"]
[Result "0-1"]
[Round "6"]
[TimeControl "180+2"]
[Date "2023.07.11"]
[WhiteClock "0:00:44"]
[BlackClock "0:00:34"]
[Board "150"]

1. d4 Nf6 2. Nf3 g6 3. Bf4 Bg7 4. e3 O-O 5. Be2 d6 6. h3 Nc6 7. Bh2 Ne4 8. Nbd2 Nxd2 9. Qxd2 e5 10. dxe5 dxe5 11. O-O-O Qe7 12. c3 Be6 13. Kb1 Rad8 14. Qc2 Qc5 15. Ng5 Bc4 16. Ne4 Qb5 17. Bxc4 Qxc4 18. g4 Rxd1+ 19. Rxd1 Rd8 20. Rxd8+ Nxd8 21. g5 Qf1+ 22. Qc1 Qxh3 23. Qd1 Ne6 24. Bg3 Qf5 25. Qd3 Nxg5 26. Qd8+ Bf8 27. Qxg5 Qxe4+ 28. Kc1 h6 29. Qxe5 Qxe5 30. Bxe5 Bd6 31. Bxd6 cxd6 32. Kd2 f5 0-1


[Site "https://www.chess.com"]

[Event "Titled Tuesday Blitz July 11 Late 2023"]
[White "Silvestre, Christian"]
[Black "Curtis, John"]
[WhiteFideId "30956269"]
[BlackFideId "3200256"]
[WhiteElo "2338"]
[BlackElo "1992"]
[Result "0-1"]
[Round "6"]
[TimeControl "180+2"]
[Date "2023.07.11"]
[WhiteClock "0:01:58"]
[BlackClock "0:01:55"]
[Board "151"]

1. e4 e5 2. Nf3 Nc6 3. c3 Nf6 4. d3 d5 5. Qe2 Bg4 6. h3 Bxf3 7. Qxf3 d4 8. Be2 Be7 9. O-O O-O 10. Qg3 Nd7 11. c4 Kh8 12. f4 exf4 13. Bxf4 Rc8 14. Nd2 g5 15. Bg4 gxf4 16. Qxf4 Bg5 17. Qf5 Bxd2 0-1


[Site "https://www.chess.com"]

[Event "Titled Tuesday Blitz July 11 Late 2023"]
[White "kripri"]
[Black "Sainz Aguirre, Ignacio"]
[BlackFideId "5101727"]
[WhiteElo "2333"]
[BlackElo "1991"]
[Result "1/2-1/2"]
[Round "6"]
[TimeControl "180+2"]
[Date "2023.07.11"]
[WhiteClock "0:00:11"]
[BlackClock "0:00:35"]
[Board "152"]

1. e4 e6 2. d4 d5 3. Nd2 Nf6 4. e5 Nfd7 5. Bd3 c5 6. c3 Nc6 7. Ne2 cxd4 8. cxd4 f6 9. exf6 Nxf6 10. Nf3 Bd6 11. O-O Qc7 12. h3 O-O 13. Be3 Bd7 14. Re1 Be8 15. Rc1 Bh5 16. Ng5 Qd7 17. Qc2 h6 18. Nh7 Nxh7 19. Bxh7+ Kh8 20. a3 g5 21. Bg6 Bxe2 22. Qxe2 Qg7 23. Qh5 Rf6 24. Bb1 Raf8 25. h4 Bf4 26. hxg5 Qxg5 27. Qxg5 hxg5 28. Re2 Nxd4 29. Bxd4 Bxc1 30. Rxe6 Kg7 31. Re7+ Rf7 32. Bxf6+ Kxf6 33. Re2 Re7 34. Rxe7 Kxe7 35. Ba2 Kd6 36. Kh2 Bxb2 37. a4 Bd4 38. Kg3 a6 39. Kf3 b5 40. axb5 axb5 41. Ke2 b4 42. f3 Kc5 43. Kd3 Be5 44. Bb3 Bf4 45. Bd1 Be5 46. Bb3 Bf4 47. Bd1 Be5 48. Bb3 1/2-1/2


[Site "https://www.chess.com"]

[Event "Titled Tuesday Blitz July 11 Late 2023"]
[White "Burke, Paul"]
[Black "Shapiro, Daniel"]
[WhiteFideId "2605767"]
[BlackFideId "2001780"]
[WhiteElo "1904"]
[BlackElo "2332"]
[Result "1-0"]
[Round "6"]
[TimeControl "180+2"]
[Date "2023.07.11"]
[WhiteClock "0:00:09"]
[BlackClock "0:00:00"]
[Board "153"]

1. e4 c5 2. d4 cxd4 3. c3 dxc3 4. Nxc3 e6 5. Nf3 a6 6. Bf4 Ne7 7. Bd3 Ng6 8. Bg3 d6 9. Qe2 Be7 10. Rd1 O-O 11. e5 d5 12. h4 Re8 13. h5 Nf8 14. a3 Nc6 15. Bb1 b5 16. Ne4 Bb7 17. Nd6 Nxe5 18. Nxe8 Nxf3+ 19. Qxf3 Qxe8 20. Bh4 Bxh4 21. Rxh4 Qe7 22. Rg4 Nd7 23. Qg3 f6 24. h6 g6 25. Bxg6 hxg6 26. Rxg6+ Kh8 27. Rg7 Qe8 28. Qc7 Bc8 29. Qc2 f5 30. Qc3 e5 31. Qc6 Rb8 32. Qxd5 Nf6 33. Qd6 Rb7 34. Qxf6 1-0


[Site "https://www.chess.com"]

[Event "Titled Tuesday Blitz July 11 Late 2023"]
[White "Gyulamiryan-koryun"]
[Black "Tsyhanchuk, Stanislav"]
[BlackFideId "13505130"]
[WhiteElo "1869"]
[BlackElo "2313"]
[Result "0-1"]
[Round "6"]
[TimeControl "180+2"]
[Date "2023.07.11"]
[WhiteClock "0:00:00"]
[BlackClock "0:00:48"]
[Board "154"]

1. e4 c5 2. Nf3 d6 3. d4 cxd4 4. Nxd4 Nf6 5. Nc3 a6 6. f3 e5 7. Nb3 Be6 8. Be3 Nbd7 9. Qd2 b5 10. O-O-O Nb6 11. Kb1 Nc4 12. Bxc4 bxc4 13. Nc1 Be7 14. g4 Nd7 15. Nd5 Bxd5 16. Qxd5 Rc8 17. c3 O-O 18. h4 Nb6 19. Qb7 Rb8 20. Qxa6 Qc7 21. Bxb6 Rxb6 22. Qa4 Rfb8 23. Rd2 Qb7 24. b4 cxb3 25. axb3 Ra6 26. Qc4 Rba8 27. Ra2 Rxa2 28. Nxa2 Qa7 29. b4 Qf2 30. Rf1 Qg2 31. Rc1 Bxh4 32. Rc2 Qxf3 33. Qc6 Qd1+ 34. Nc1 Rd8 35. Kb2 Bg5 36. Nb3 h6 37. Qd5 Qxg4 38. b5 Qd7 39. c4 Be3 40. Na5 Bd4+ 41. Kb3 Qh3+ 42. Ka2 Qd3 0-1


[Site "https://www.chess.com"]

[Event "Titled Tuesday Blitz July 11 Late 2023"]
[White "Fominykh, Maria"]
[Black "Filgueiras, Nathan Felipe"]
[WhiteFideId "4142411"]
[BlackFideId "2188562"]
[WhiteElo "2201"]
[BlackElo "1893"]
[Result "1-0"]
[Round "6"]
[TimeControl "180+2"]
[Date "2023.07.11"]
[WhiteClock "0:01:05"]
[BlackClock "0:00:26"]
[Board "155"]

1. d4 Nf6 2. c4 e6 3. g3 d5 4. Nf3 Be7 5. Bg2 O-O 6. Qc2 a5 7. O-O c6 8. Rd1 b6 9. b3 Bb7 10. Nc3 Nbd7 11. e4 dxe4 12. Nxe4 Nxe4 13. Qxe4 Rc8 14. Bf4 Nf6 15. Qe2 Bd6 16. Ne5 Qc7 17. c5 bxc5 18. dxc5 Bxe5 19. Bxe5 Qe7 20. Bd6 Qe8 21. Bxf8 Qxf8 22. Qd2 Qxc5 23. Rac1 Qb5 24. Qd8+ Ne8 25. Qe7 h6 26. Rd7 Qf5 27. Rxb7 Nf6 1-0


[Site "https://www.chess.com"]

[Event "Titled Tuesday Blitz July 11 Late 2023"]
[White "Lutz, Igor Oscar"]
[Black "UgarteCesar"]
[WhiteFideId "2110806"]
[WhiteElo "1985"]
[BlackElo "2191"]
[Result "0-1"]
[Round "6"]
[TimeControl "180+2"]
[Date "2023.07.11"]
[WhiteClock "0:00:00"]
[BlackClock "0:00:47"]
[Board "156"]

1. d4 d5 2. c4 e6 3. Nf3 h6 4. g3 Nf6 5. Bg2 Nbd7 6. Nbd2 c5 7. cxd5 Nxd5 8. O-O cxd4 9. Nxd4 Bc5 10. N2f3 O-O 11. e4 N5f6 12. Be3 e5 13. Nf5 Bxe3 14. Nxe3 Nxe4 15. Qd5 Nef6 16. Qb3 e4 17. Nd2 Nc5 18. Qc2 Qe7 19. Rac1 b6 20. a3 Ba6 21. Rfd1 Rac8 22. Qb1 Nd3 23. Rxc8 Rxc8 24. Nxe4 Nxe4 25. Rxd3 Bxd3 26. Qxd3 Rc1+ 27. Nf1 Nc5 28. Qd2 Qe1 29. Qd8+ Kh7 30. Qd5 Qe6 0-1


[Site "https://www.chess.com"]

[Event "Titled Tuesday Blitz July 11 Late 2023"]
[White "Gamboa, Juan Pablo"]
[Black "Gazola, Vanessa Ramos"]
[WhiteFideId "105180"]
[BlackFideId "2112590"]
[WhiteElo "1924"]
[BlackElo "2059"]
[Result "0-1"]
[Round "6"]
[TimeControl "180+2"]
[Date "2023.07.11"]
[WhiteClock "0:00:11"]
[BlackClock "0:00:07"]
[Board "157"]

1. c4 e6 2. e4 d5 3. exd5 exd5 4. cxd5 Nf6 5. Bb5+ Bd7 6. Bc4 Bg4 7. f3 Bf5 8. Nc3 Nbd7 9. Nge2 Nb6 10. Bb5+ Bd7 11. Qb3 Be7 12. O-O O-O 13. d4 Bxb5 14. Qxb5 a6 15. Qd3 Nbxd5 16. a3 Nxc3 17. bxc3 c5 18. Rb1 cxd4 19. Qxd4 Qc7 20. Bf4 Qa5 21. Kh1 b5 22. Rb3 Rfd8 23. Qe5 Nd5 24. g3 Bf6 25. Qf5 Nxf4 26. Nxf4 Bxc3 27. Nd5 Bd2 28. Rd3 Bh6 29. g4 g6 30. Qf6 Bg7 31. Qh4 Rab8 32. Rfd1 Re8 33. Nf6+ Bxf6 34. Qxf6 Re1+ 35. Kg2 Rxd1 36. Rxd1 Qxa3 37. Rd8+ Rxd8 38. Qxd8+ Qf8 39. Qd4 Qc8 40. h4 h6 41. h5 g5 42. Qf6 Qe6 43. Qd8+ Kg7 44. Qd3 Qf6 45. Qb3 Qe6 46. Qc3+ Qf6 47. Qd3 b4 48. Qc4 Qc3 49. Qxa6 b3 50. Qa3 Qc2+ 51. Kh3 b2 52. Qa2 b1=Q 53. Qxb1 Qxb1 54. f4 Qe4 55. f5 Qf3+ 56. Kh2 Qxg4 57. f6+ Kxf6 58. Kh1 Qxh5+ 59. Kg2 Qe2+ 60. Kh1 Kf5 61. Kg1 g4 62. Kh1 g3 63. Kg1 Qf2+ 64. Kh1 Qh2# 0-1


[Site "https://www.chess.com"]

[Event "Titled Tuesday Blitz July 11 Late 2023"]
[White "Blitz"]
[Black "deloewre"]
[WhiteElo "2486"]
[BlackElo "2115"]
[Result "1-0"]
[Round "6"]
[TimeControl "180+2"]
[Date "2023.07.11"]
[WhiteClock "0:00:08"]
[BlackClock "0:00:00"]
[Board "158"]

1. d4 Nf6 2. Nc3 d5 3. Bf4 c5 4. e4 dxe4 5. dxc5 Qxd1+ 6. Rxd1 e6 7. Be3 Be7 8. Nb5 Na6 9. Nd6+ Bxd6 10. Rxd6 O-O 11. c3 Nc7 12. b4 Ncd5 13. Bd4 a5 14. b5 Bd7 15. c4 Nb4 16. Bxf6 gxf6 17. Rxd7 Rfd8 18. Rxd8+ Rxd8 19. Be2 Nc2+ 20. Kf1 Rc8 21. Bd1 Nd4 22. Ne2 e5 23. Nc3 f5 24. c6 bxc6 25. b6 c5 26. Nd5 Rb8 27. h4 Kf8 28. h5 h6 29. Rh3 f4 30. Ra3 Nc6 31. Ba4 Ne7 32. Bb5 Nxd5 33. cxd5 Rxb6 34. Rxa5 Ke7 35. a4 Kd6 36. Ra7 Kxd5 37. Rxf7 1-0


[Site "https://www.chess.com"]

[Event "Titled Tuesday Blitz July 11 Late 2023"]
[White "Winkels, Marcel"]
[Black "Khairat , Ahmed"]
[WhiteFideId "1003887"]
[BlackFideId "10624171"]
[WhiteElo "2108"]
[BlackElo "2366"]
[Result "0-1"]
[Round "6"]
[TimeControl "180+2"]
[Date "2023.07.11"]
[WhiteClock "0:00:00"]
[BlackClock "0:01:26"]
[Board "159"]

1. e4 e5 2. Nf3 Nc6 3. Bb5 f5 4. d3 fxe4 5. dxe4 Nf6 6. Nc3 Bb4 7. Qd3 d6 8. O-O Bxc3 9. Qxc3 Bd7 10. Qc4 Qe7 11. Bg5 a6 12. Bxc6 Bxc6 13. Rfe1 h6 14. Bxf6 Qxf6 15. a4 g5 16. b4 Rf8 17. b5 Bd7 18. Rf1 axb5 19. axb5 Rxa1 20. Rxa1 Ke7 21. Rf1 c6 22. bxc6 Bxc6 23. h3 Qf4 24. Re1 h5 25. Qe2 g4 26. Nd2 gxh3 27. g3 h2+ 28. Kg2 Qg5 29. Rh1 h4 30. Rxh2 hxg3 31. fxg3 Rg8 32. Rh7+ Kd8 33. Nf1 Qg6 34. Rh3 Bxe4+ 35. Kh2 Bc6 36. c4 Rf8 37. Ne3 Qe4 38. Ng2 Qxe2 0-1


[Site "https://www.chess.com"]

[Event "Titled Tuesday Blitz July 11 Late 2023"]
[White "Elaisaz"]
[Black "Hartikainen, Jarmo"]
[BlackFideId "503134"]
[WhiteElo "2258"]
[BlackElo "2101"]
[Result "1-0"]
[Round "6"]
[TimeControl "180+2"]
[Date "2023.07.11"]
[WhiteClock "0:00:49"]
[BlackClock "0:00:00"]
[Board "160"]

1. d4 Nf6 2. Nf3 g6 3. Bf4 d6 4. Nbd2 Bg7 5. e4 Nbd7 6. Bd3 O-O 7. O-O Re8 8. e5 Nh5 9. Bg5 dxe5 10. g4 Nf4 11. dxe5 Nxd3 12. cxd3 Nxe5 13. Nxe5 Bxe5 14. Nc4 Bg7 15. Re1 Be6 16. Qf3 c6 17. h4 h6 18. Bd2 Qd5 19. Qxd5 Bxd5 20. Rab1 Rad8 21. Bb4 e5 22. Nd6 Re7 23. Nf5 Ree8 24. Nxg7 Kxg7 25. Re3 Be6 26. f3 Rd5 27. Bc3 f6 28. g5 hxg5 29. hxg5 Red8 30. gxf6+ Kf7 31. Rxe5 Rxe5 32. Bxe5 Rxd3 33. Kg2 Bxa2 34. Ra1 Bd5 35. Rxa7 Rxf3 36. Rxb7+ Kg8 37. Rb8+ Kf7 38. Rb7+ Kg8 39. Rg7+ Kh8 40. Kg1 1-0


[Site "https://www.chess.com"]

[Event "Titled Tuesday Blitz July 11 Late 2023"]
[White "Vargas, Mauricio"]
[Black "Alexikov, Alexander"]
[WhiteFideId "4404572"]
[BlackFideId "14103958"]
[WhiteElo "1883"]
[BlackElo "2215"]
[Result "0-1"]
[Round "6"]
[TimeControl "180+2"]
[Date "2023.07.11"]
[WhiteClock "0:00:00"]
[BlackClock "0:00:30"]
[Board "162"]

1. e4 c5 2. Nc3 Nc6 3. f4 g6 4. Nf3 Bg7 5. Bb5 Nd4 6. Bf1 e6 7. d3 a6 8. g3 Ne7 9. Bg2 d6 10. O-O O-O 11. Ne2 Rb8 12. Ng5 Ndc6 13. c3 h6 14. Nf3 f5 15. Qe1 Kh7 16. h3 Qc7 17. g4 Bd7 18. gxf5 exf5 19. Kh1 Ng8 20. Qh4 Qd8 21. Ng5+ Kh8 22. Nf7+ Rxf7 23. Qg3 Kh7 24. exf5 Bxf5 25. Ng1 Nf6 26. Nf3 Nh5 27. Qf2 Bxd3 28. Qd2 Bxf1 29. Bxf1 Nxf4 30. Ng5+ hxg5 0-1


[Site "https://www.chess.com"]

[Event "Titled Tuesday Blitz July 11 Late 2023"]
[White "Munoz Misselis, Nelson Carlos"]
[Black "Thiel, Thomas"]
[WhiteFideId "6601790"]
[BlackFideId "4615964"]
[WhiteElo "1756"]
[BlackElo "2198"]
[Result "0-1"]
[Round "6"]
[TimeControl "180+2"]
[Date "2023.07.11"]
[WhiteClock "0:01:01"]
[BlackClock "0:01:24"]
[Board "163"]

1. d4 d5 2. c4 dxc4 3. e3 e5 4. d5 Nf6 5. Bxc4 Bb4+ 6. Nc3 O-O 7. Ne2 Bg4 8. f3 Bh5 9. e4 c6 10. O-O cxd5 11. Nxd5 Nxd5 12. Bxd5 Nc6 13. a3 Bc5+ 14. Kh1 Rb8 15. b4 Bb6 16. Bb2 Qe7 17. Rc1 Rbd8 18. Qb3 Nd4 19. Nxd4 exd4 20. Qd3 Bg6 21. Rc4 Rxd5 22. Bxd4 Rxd4 23. Rxd4 Bxd4 24. Qxd4 b6 25. Rd1 h6 26. Rc1 Rd8 27. Qc4 Kh7 28. h3 f5 29. exf5 Bxf5 30. Qf4 Bg6 31. Rc8 Rxc8 0-1


[Site "https://www.chess.com"]

[Event "Titled Tuesday Blitz July 11 Late 2023"]
[White "Fedoseev, Vladimir"]
[Black "Licznerski, Lukasz"]
[WhiteFideId "24130737"]
[BlackFideId "1179250"]
[WhiteElo "3090"]
[BlackElo "2828"]
[Result "1-0"]
[Round "7"]
[TimeControl "180+2"]
[Date "2023.07.11"]
[WhiteClock "0:00:56"]
[BlackClock "0:00:01"]
[Board "1"]

1. Nf3 Nf6 2. b3 b6 3. g3 Bb7 4. Bg2 c5 5. Bb2 e6 6. O-O Be7 7. c4 O-O 8. Nc3 d5 9. Ne5 Nbd7 10. d4 cxd4 11. Qxd4 Bc5 12. Qf4 Nh5 13. Qg4 Nhf6 14. Qf4 Nh5 15. Qf3 Nhf6 16. Nxd7 Qxd7 17. Rad1 Qe7 18. Na4 Rad8 19. Nxc5 bxc5 20. cxd5 Bxd5 21. Qc3 Bxg2 22. Kxg2 h6 23. f3 Rc8 24. Rd2 Rfd8 25. Rfd1 Rxd2 26. Rxd2 Qf8 27. e4 Qe8 28. Qc4 Nh7 29. Ba3 Qc6 30. Rc2 Nf6 31. Qxc5 Qxc5 32. Rxc5 Rd8 33. Rc2 Ne8 34. Bc5 a6 35. Kf2 f5 36. exf5 exf5 37. Ke2 Nf6 38. Rd2 Re8+ 39. Kf2 Kf7 40. b4 g5 41. a4 g4 42. Rd6 Re6 43. Rxe6 Kxe6 44. b5 axb5 45. axb5 Kd5 46. Be3 Nd7 47. fxg4 fxg4 48. Bxh6 Kc5 49. Ke3 Ne5 50. Kf4 Nf3 51. h4 Kxb5 52. Kxg4 Ne5+ 53. Kf5 Nf7 54. Bf4 1-0


[Site "https://www.chess.com"]

[Event "Titled Tuesday Blitz July 11 Late 2023"]
[White "Firouzja, Alireza"]
[Black "Paravyan, David"]
[WhiteFideId "12573981"]
[BlackFideId "4194985"]
[WhiteElo "3096"]
[BlackElo "3024"]
[Result "1-0"]
[Round "7"]
[TimeControl "180+2"]
[Date "2023.07.11"]
[WhiteClock "0:01:22"]
[BlackClock "0:00:36"]
[Board "2"]

1. d4 Nf6 2. Bg5 d5 3. e3 c5 4. Bxf6 gxf6 5. dxc5 e6 6. Nf3 Bxc5 7. Be2 Nc6 8. O-O Rg8 9. Nbd2 f5 10. a3 Qf6 11. b4 Bd6 12. c4 d4 13. c5 dxe3 14. cxd6 exd2 15. Qxd2 Bd7 16. b5 Ne5 17. Nxe5 Qxe5 18. Rac1 Bxb5 19. Bxb5+ Qxb5 20. Rc7 Rd8 21. Qh6 Rxd6 22. Qf6 1-0


[Site "https://www.chess.com"]